 Dungeon Crawl Stone Soup version 0.27.1-33-g824d729ab1 (webtiles) character file.

Game seed: 2711317844458477189

165 ces the Ducker (level 5, -1/47 HPs)
             Began as a Gnoll Monk on Dec 12, 2021.
             Slain by Grinder (6 damage)
             ... while paralysed by Grinder
             ... on level 4 of the Dungeon.
             The game lasted 00:03:31 (3009 turns).

ces the Ducker (Gnoll Monk)                         Turns: 3009, Time: 00:03:32

Health: -1/47      AC:  2    Str: 11    XL:     5   Next: 46%
Magic:  7/7        EV:  2    Int:  9    God:
Gold:   145        SH:  0    Dex: 15    Spells: 7/7 levels left

rFire    . . .     SeeInvis .   a - +0 hand axe
rCold    . . .     Faith    .   (no shield)
rNeg     . . .     Spirit   .   b - +0 robe
rPois    .         Reflect  .   (no helmet)
rElec    .         Harm     .   (no cloak)
rCorr    .         Rampage  .   (no gloves)
Will     .....                  (no boots)
Stlth    +++.......             (no amulet)
HPRegen  1.15/turn              (no ring)
MPRegen  0.10/turn              (no ring)

@: paralysed
A: fangs 1, strong nose, distributed training, sense surroundings 1,
regeneration 1
a: no special abilities


You were on level 4 of the Dungeon.
You visited 1 branch of the dungeon, and saw 4 of its levels.

You collected 145 gold pieces.

Inventory:

Hand Weapons
 a - a +0 hand axe (weapon)
Missiles
 g - 54 bolts
Armour
 b - a +0 robe (worn)
Jewellery
 k - a ring of positive energy
Scrolls
 c - 3 scrolls of identify {unknown}
 d - a scroll of teleportation
 f - 2 scrolls of torment {unknown}
 h - a scroll of amnesia {unknown}
 j - a scroll of fear {unknown}


   Skills:
 + Level 6.7 Fighting
 + Level 1.5 Short Blades
 + Level 1.5 Long Blades
 + Level 6.7 Axes
 + Level 1.5 Maces & Flails
 + Level 1.5 Polearms
 + Level 1.5 Staves
 + Level 1.5 Slings
 + Level 1.5 Bows
 + Level 1.5 Crossbows
 + Level 1.5 Throwing
 + Level 1.5 Armour
 + Level 6.7 Dodging
 + Level 4.4 Stealth
 + Level 1.5 Shields
 + Level 1.5 Unarmed Combat
 + Level 1.5 Spellcasting
 + Level 1.2 Conjurations
 + Level 1.2 Hexes
 + Level 1.2 Summonings
 + Level 1.2 Necromancy
 + Level 1.2 Translocations
 + Level 1.2 Transmutations
 + Level 1.2 Fire Magic
 + Level 1.2 Ice Magic
 + Level 1.2 Air Magic
 + Level 1.2 Earth Magic
 + Level 1.2 Poison Magic
 + Level 1.7 Invocations
 + Level 1.5 Evocations


You had 7 spell levels left.
You didn't know any spells.
Your spell library was empty.

Dungeon Overview and Level Annotations

Branches:
Dungeon (4/15)             Temple (0/1) D:4

Altars:
Ashenzari

Annotations:
D:2 Sigmund
D:3 3 runed translucent doors, SensoryNuts's ghost, amateur DsGl
D:4 Grinder


Innate Abilities, Weirdness & Mutations

You have very sharp teeth.
Your uncanny sense of smell can sniff out nearby items.
Your experience applies equally to all skills.
You passively map a small area around you.
Your natural rate of healing is unusually fast.


Message History

You bite the bullfrog skeleton.
The bullfrog skeleton is severely damaged.
The bullfrog skeleton completely misses you.
You slash the bullfrog skeleton!
You destroy the bullfrog skeleton!
No target in view!
HP restored.
Grinder comes into view.
Grinder shouts!
Grinder is nearby!
Grinder is nearby!
Grinder is nearby!
Grinder gestures at you.
You suddenly lose the ability to move!
You can move again.
You aren't carrying any potions.
Grinder blinks!
Grinder hits you!
You writhe in agony.
You hit Grinder.
Grinder is lightly wounded.
Grinder hits you.
You writhe in agony.
You hit Grinder but do no damage.
Grinder is lightly wounded.
Grinder misses you.
You hit Grinder.
Grinder is moderately wounded.
Grinder gestures at you. Pain shoots through your body!
You hit Grinder.
Grinder is moderately wounded.
Grinder gestures at you.
You suddenly lose the ability to move!
Grinder hits you!
You writhe in agony.
* * * LOW HITPOINT WARNING * * *
Grinder hits you!
* * * LOW HITPOINT WARNING * * *
Grinder hits you.
* * * LOW HITPOINT WARNING * * *
You writhe in agony.
You die...

#.####..#
#
#.##....#
#
#.##.##.#
* * #
#.##.##.#
* , * #
#.......#
, #
####.####
> , # #.#
, # #5# *
,* # #@#
* ** #.#
, , #.#
,, ,*#,
#.#
#.##.##
#.. ∆
.......
*###* ,
..##.## ,
* * # ∆
*# , * *
#


You could see Grinder.

Vanquished Creatures
  A bullfrog skeleton (D:4)
  Jessica (D:2)
  An iguana (D:3)
  A gnoll (D:1)
  2 worms (D:2)
  4 dart slugs
  An orc (D:3)
  9 ball pythons
  3 bats (D:1)
  5 endoplasms
  A giant cockroach (D:1)
  4 hobgoblins
  3 jackals (D:1)
  5 kobolds (D:2)
  2 quokkas
  7 frilled lizards
  5 goblins
  4 rats
59 creatures vanquished.

Notes
Turn   | Place    | Note
-------+----------+-------------------------------------------
     0 | D:1      | ces the Gnoll Monk began the quest for the Orb.
     0 | D:1      | Reached XP level 1. HP: 23/23 MP: 1/1
    19 | D:1      | Reached XP level 2. HP: 13/29 MP: 2/2
   661 | D:1      | Reached XP level 3. HP: 35/35 MP: 3/3
   955 | D:1      | Reached skill level 1 in Invocations
  1186 | D:1      | Reached skill level 1 in Short Blades
  1186 | D:1      | Reached skill level 1 in Long Blades
  1186 | D:1      | Reached skill level 1 in Maces & Flails
  1186 | D:1      | Reached skill level 1 in Polearms
  1186 | D:1      | Reached skill level 1 in Staves
  1186 | D:1      | Reached skill level 1 in Slings
  1186 | D:1      | Reached skill level 1 in Bows
  1186 | D:1      | Reached skill level 1 in Crossbows
  1186 | D:1      | Reached skill level 1 in Throwing
  1186 | D:1      | Reached skill level 1 in Armour
  1186 | D:1      | Reached skill level 1 in Shields
  1186 | D:1      | Reached skill level 1 in Unarmed Combat
  1186 | D:1      | Reached skill level 1 in Spellcasting
  1186 | D:1      | Reached skill level 1 in Evocations
  1294 | D:2      | Noticed Jessica
  1317 | D:2      | Killed Jessica
  1318 | D:2      | Reached XP level 4. HP: 30/41 MP: 5/5
  1622 | D:2      | Reached skill level 1 in Conjurations
  1622 | D:2      | Reached skill level 1 in Hexes
  1622 | D:2      | Reached skill level 1 in Summonings
  1622 | D:2      | Reached skill level 1 in Necromancy
  1622 | D:2      | Reached skill level 1 in Translocations
  1622 | D:2      | Reached skill level 1 in Transmutations
  1622 | D:2      | Reached skill level 1 in Fire Magic
  1622 | D:2      | Reached skill level 1 in Ice Magic
  1622 | D:2      | Reached skill level 1 in Air Magic
  1622 | D:2      | Reached skill level 1 in Earth Magic
  1622 | D:2      | Reached skill level 1 in Poison Magic
  1861 | D:2      | Noticed Sigmund
  2158 | D:3      | Found a broken altar of Ashenzari.
  2186 | D:3      | Gained mutation: Your natural rate of healing is unusually
                  | fast. [potion of mutation]
  2186 | D:3      | Gained mutation: You passively map a small area around you.
                  | [potion of mutation]
  2407 | D:3      | Reached XP level 5. HP: 21/47 MP: 5/7
  2695 | D:3      | Found a runed translucent gate.
  2695 | D:3      | Found a runed translucent gate.
  2695 | D:3      | Found a runed translucent gate.
  2700 | D:3      | Noticed SensoryNuts's ghost (amateur DsGl)
  2994 | D:4      | Noticed Grinder
  2995 | D:4      | Paralysed by Grinder for 2 turns
  3006 | D:4      | Paralysed by Grinder for 4 turns
  3009 | D:4      | Slain by Grinder

Illustrated notes

Levels and vault maps discovered:
D:1:      dpeg_arrival_rooms_with_view, layout_loops_ring,
          shapermc_ecumenical_altar_petra, minmay_misc_feat_square
D:2:      layout_basic, uniq_sigmund, uniq_jessica
D:3:      layout_basic, lemuel_crystal_altar, ebering_ghost_rock_garden,
          hex_large
D:4:      layout_loops_cross, minmay_temple_entry_butterflies, uniq_grinder

Skill      XL: |  1  2  3  4 |
---------------+-------------+-----
Invocations    | 1 |  1.7
Short Blades   | 1 |  1.5
Long Blades    | 1 |  1.5
Maces & Flails | 1 |  1.5
Polearms       | 1 |  1.5
Staves         | 1 |  1.5
Slings         | 1 |  1.5
Bows           | 1 |  1.5
Crossbows      | 1 |  1.5
Throwing       | 1 |  1.5
Armour         | 1 |  1.5
Shields        | 1 |  1.5
Unarmed Combat | 1 |  1.5
Spellcasting   | 1 |  1.5
Evocations     | 1 |  1.5
Conjurations   | 1 |  1.2
Hexes          | 1 |  1.2
Summonings     | 1 |  1.2
Necromancy     | 1 |  1.2
Translocations | 1 |  1.2
Transmutations | 1 |  1.2
Fire Magic     | 1 |  1.2
Ice Magic      | 1 |  1.2
Air Magic      | 1 |  1.2
Earth Magic    | 1 |  1.2
Poison Magic   | 1 |  1.2
Fighting       | |  6.7
Axes           | |  6.7
Dodging        | |  6.7
Stealth        | |  4.4

Action                   |  1- 3 |  4- 6 || total
-------------------------+-------+-------++-------
Melee: Hand axe          |   101 |    97 ||   198
       Bite              |    11 |    15 ||    26
       Punch             |       |     1 ||     1
  Use: Potion            |       |     2 ||     2
       Scroll            |       |     1 ||     1
 Stab: Sleeping          |    11 |     5 ||    16
       Distracted        |     1 |       ||     1
Armor: Robe              |    12 |     9 ||    21
Dodge: Dodged            |    57 |    54 ||   111
